 Dungeon Crawl Stone Soup version 0.19-a0-262-g5df7875 (webtiles) character file.

661 Duffy the Grave Robber (level 7, 57/57 HPs)
             Began as a Formicid Necromancer on May 25, 2016.
             Quit the game on level 6 of the Dungeon.
             The game lasted 00:08:44 (7000 turns).

Duffy the Grave Robber (Formicid Necromancer)       Turns: 7000, Time: 00:08:44

Health: 57/57      AC:  2    Str: 12    XL:     7   Next: 86%
Magic:  10/10      EV: 17    Int: 15    God:
Gold:   222        SH:  0    Dex: 13    Spells: 4 memorised, 3 levels left

rFire  . . .     SeeInvis +     y - +0 flail
rCold  . . .     Gourm    .     a - +0 robe
rNeg   . . .     Faith    .     (no shield)
rPois  .         Spirit   .     (helmet unavailable)
rElec  .         Dismiss  .     (no cloak)
rCorr  +         Reflect  .     (no gloves)
SustAt .         Harm     +     (no boots)
MR     .....                    E - amulet of harm
Stlth  ++........               g - ring of resist corrosion
                                l - +4 ring of evasion

@: not resistant to hostile enchantments, unstealthy
A: permanent stasis, dig shafts and tunnels, four strong arms, antennae 3
a: Dig, Shaft Self


You were on level 6 of the Dungeon.
You were not hungry.

You visited 1 branch of the dungeon, and saw 6 of its levels.

You collected 222 gold pieces.


Innate Abilities, Weirdness & Mutations

You are under a permanent stasis effect.
You can dig through walls and to a lower floor.
Your four strong arms can wield two-handed weapons with a shield.
You have a pair of large antennae on your head. (SInv)


   Skills:
 + Level 5.8 Fighting
 + Level 2.6 Dodging
 - Level 2.4 Stealth
 - Level 2.5 Spellcasting
 - Level 6.5 Necromancy


You had 3 spell levels left.
You knew the following spells:

 Your Spells              Type           Power        Failure   Level  Hunger
a - Pain                  Necr           ###.         1%          1    #......
c - Regeneration          Chrm/Necr      ##........   21%         3    ###....
d - Vampiric Draining     Necr           ###.......   4%          3    ###....
s - Animate Skeleton      Necr           N/A          1%          1    #......

Inventory:

Hand Weapons
 y - a +0 flail (weapon)
Missiles
 k - 28 poisoned needles
 n - 6 tomahawks (quivered)
Armour
 a - a +0 robe (worn)
Magical Staves
 x - an uncursed staff of conjuration {unknown}
Jewellery
 g - a ring of resist corrosion (right hand)
 l - a +4 ring of evasion (left hand)
 A - an uncursed ring of magical power {unknown}
 E - an amulet of harm (around neck)
Wands
 B - a wand of disintegration (5/24)
Scrolls
 d - 3 scrolls of remove curse {unknown}
 e - 2 scrolls of blinking {unknown}
 m - 3 scrolls of identify {unknown}
 o - 3 scrolls of magic mapping {unknown}
 r - a scroll of immolation {unknown}
 s - 5 scrolls of teleportation {unknown}
 w - a scroll of enchant weapon {unknown}
 F - a scroll of random uselessness {unknown}
Potions
 h - a potion of curing {unknown}
 i - a potion of lignification {unknown}
 j - a potion of mutation {unknown}
 p - 2 potions of agility {unknown}
 t - a potion of heal wounds {unknown}
 u - a potion of might {unknown}
 z - a potion of magic {unknown}
 C - a potion of cure mutation {unknown}
 D - a potion of invisibility {unknown}
 G - a potion of berserk rage {unknown}
Books
 b - a book of Necromancy
Comestibles
 c - 4 bread rations
 f - 2 meat rations
 v - 4 fruits

Dungeon Overview and Level Annotations

Branches:
Dungeon (6/15)
 Temple: D:4-7

Altars:
Dithmenos
Elyvilon


Message History

Press: ? - help, Shift-Dir - straight line, f/p - orc wizard
Aim: an orc wizard, wielding a dagger and wearing a robe (almost dead, chance to defeat MR: 80%)
The orc wizard convulses in agony!
You kill the orc wizard!
The orc wizard points at you and mumbles some strange words.
The magic dart hits you!
Cast which spell? (? or * to list)
Aiming: Pain
Press: ? - help, Shift-Dir - straight line, f - orc wizard
Aim: an orc wizard, wielding a dagger and wearing a robe (chance to defeat MR: 80%)
The orc wizard convulses in agony!
Cast which spell? (? or * to list)
Aiming: Pain
Press: ? - help, Shift-Dir - straight line, f/p - orc wizard
Aim: an orc wizard, wielding a dagger and wearing a robe (heavily wounded, chance to defeat MR: 80%)
The orc wizard convulses in agony!
The orc wizard points at you and mumbles some strange words.
The magic dart hits you!
Cast which spell? (? or * to list)
Aiming: Pain
Press: ? - help, Shift-Dir - straight line, f/p - orc wizard
Aim: an orc wizard, wielding a dagger and wearing a robe (severely wounded, chance to defeat MR: 80%)
The orc wizard convulses in agony!
You kill the orc wizard!
The orc priest shouts!
The orc priest mumbles some strange prayers to Beogh against you.
Beogh smites you!
You found a teleport trap!
The orc priest calls down the wrath of Beogh upon you.
Beogh smites you!
There is an escape hatch in the floor here.
There is an open door here.
You see here an arrow.
There is an open door here.
Things that are here:
an uncursed enchanted shortbow; 13 arrows
Items here: )) [[ a dagger; a robe; a dagger; a robe
There is an escape hatch in the floor here.
Really go through this one-way escape hatch?
You slide downwards.
The hatch slams shut behind you.
Magic restored.
You are near starving!
You are starving!
Eat which item? (? for menu, Esc to quit)
You continue eating. x2
You finish eating.
That royal jelly was delicious!
HP restored.
A crimson imp comes into view.
Are you sure you want to abandon this character and quit the game? (Confirm with "yes".)

##.##
#..#
#.##
#.#
#.#
#.#
#.#
#.#
#@#
#..#
#.##
..
#.#
..
#%#
5.


You could see a crimson imp (sleeping).

Action                   |  1- 3 |  4- 6 |  7- 9 || total
-------------------------+-------+-------+-------++-------
Melee: Flail             |       |     2 |     7 ||     9
 Cast: Pain              |    78 |   104 |    57 ||   239
       Vampiric Draining |       |     2 |     1 ||     3
 Abil: Dig               |       |     4 |     1 ||     5
 Stab: Sleeping          |       |       |     1 ||     1
  Eat: Chunk             |     5 |    10 |     5 ||    20
       Royal jelly       |       |       |     1 ||     1
Armor: Robe              |     5 |     2 |     4 ||    11
Dodge: Dodged            |    35 |    37 |    39 ||   111

Notes
Turn   | Place    | Note
--------------------------------------------------------------
     0 | D:1      | Duffy the Formicid Necromancer began the quest for the Orb.
     0 | D:1      | Reached XP level 1. HP: 13/13 MP: 3/3
   251 | D:1      | Reached XP level 2. HP: 19/19 MP: 2/5
   956 | D:1      | Reached XP level 3. HP: 23/25 MP: 2/6
  1277 | D:1      | Learned a level 1 spell: Animate Skeleton
  1281 | D:1      | Learned a level 3 spell: Regeneration
  1308 | D:1      | Reached skill level 1 in Fighting
  2329 | D:2      | Reached XP level 4. HP: 33/33 MP: 3/7
  2678 | D:2      | Reached skill level 2 in Fighting
  3615 | D:2      | Reached skill level 5 in Necromancy
  3799 | D:3      | Reached XP level 5. HP: 37/39 MP: 4/8
  3897 | D:3      | Noticed an ogre
  3897 | D:3      | Noticed a sky beast
  4003 | D:3      | Noticed Jessica
  4013 | D:3      | Killed Jessica
  4013 | D:3      | Reached skill level 3 in Fighting
  4131 | D:3      | Found a faded altar to an unknown god.
  4389 | D:3      | Learned a level 3 spell: Vampiric Draining
  4630 | D:3      | Killed an ogre
  4630 | D:3      | Reached skill level 4 in Fighting
  4630 | D:3      | Reached XP level 6. HP: 26/48 MP: 0/9
  5058 | D:3      | Killed a sky beast
  5058 | D:3      | Reached skill level 6 in Necromancy
  5064 | D:3      | Reached XP level 7. HP: 26/55 MP: 1/10
  5537 | D:4      | Reached skill level 5 in Fighting
  5708 | D:4      | Found a shadowy altar of Dithmenos.
  6346 | D:5      | Entered Level 5 of the Dungeon
  6384 | D:5      | Found a white marble altar of Elyvilon.
  6463 | D:5      | Reached skill level 2 in Dodging
  7000 | D:6      | Quit the game

Skill      XL: |  1  2  3  4  5  6  7 |
---------------+----------------------+-----
Fighting       | 1 2 4 5 |  5.8
Necromancy     | 5 6 |  6.5
Dodging        | 2 |  2.6
Stealth        | |  2.4
Spellcasting   | |  2.5

Vault maps used:
D:1:      shiori_shiawase, minmay_close_crescents
D:2:      minmay_misc_feat_x
D:3:      ecumenical_altar_1, lightli_corner_chamber, uniq_jessica
D:4:      nicolae_dithmenos_shadow_blocks, first_bread
D:5:      minmay_thick_lines, grunt_temple_overflow_cloverleaf,
          elyvilon_altar_1, lemuel_crystal_altar
D:6:      grunt_temple_overflow_open, st_stairs_3, uniq_eustachio

Vanquished Creatures
  A sky beast
  An ogre
  A centaur
  A scorpion
  2 orc wizards
  2 orc priests Jessica
  A worker ant
  8 adders
  An ooze
  An adder zombie
  A worm
  4 dart slugs
  2 giant geckos
  14 orcs
  17 bats
  4 giant cockroaches
  6 goblins
  6 hobgoblins
  4 jackals
  7 kobolds
  3 quokkas
  2 ball pythons
  6 giant newts
  A quokka skeleton
  4 rats
101 creatures vanquished.
